 Dungeon Crawl Stone Soup version 0.19-b1-5-gdc9fa9d (webtiles) character file.

186 Gorglomux the Spear-Bearer (level 5, -9/41 HPs)
             Began as a Merfolk Monk on Oct 31, 2016.
             Killed by divine providence
             ... invoked by an orc priest
              (16 damage)
             ... on level 3 of the Dungeon.
             The game lasted 00:03:42 (2408 turns).

Gorglomux the Spear-Bearer (Merfolk Monk)           Turns: 2408, Time: 00:03:43

Health: -9/41      AC:  2    Str: 12    XL:     5   Next: 66%
Magic:  5/5        EV: 14    Int: 10    God:
Gold:   123        SH:  0    Dex: 16    Spells: 0 memorised, 4 levels left

rFire  . . .     SeeInvis .     a - +0 spear
rCold  . . .     Gourm    .     b - +0 robe
rNeg   . . .     Faith    .     (no shield)
rPois  .         Spirit   .     (no helmet)
rElec  .         Reflect  .     (no cloak)
rCorr  .         Harm     .     (no gloves)
MR     .....                    (no boots)
Stlth  ++........               (no amulet)
                                (no ring)
                                (no ring)

@: no status effects
A: change form in water, swift swim, stealthy swim
a: no special abilities


You were on level 3 of the Dungeon.
You were not hungry.

You visited 1 branch of the dungeon, and saw 3 of its levels.

You collected 123 gold pieces.

Inventory:

Hand Weapons
 a - a +0 spear (weapon)
Armour
 b - a +0 robe (worn)
Jewellery
 m - an uncursed amulet of magic regeneration {unknown}
 p - a cursed ring of loudness {unknown}
Wands
 w - a wand of acid (0/15)
Scrolls
 e - 3 scrolls of identify {unknown}
 g - a scroll of recharging {unknown}
 k - a scroll of fog {unknown}
 n - 2 scrolls of enchant weapon {unknown}
 s - 3 scrolls of teleportation {unknown}
 t - a scroll of magic mapping {unknown}
 u - 3 scrolls of remove curse {unknown}
Potions
 h - a potion of curing
 i - a potion of brilliance {unknown}
 j - 2 potions of mutation {unknown}
 l - 2 potions of degeneration {unknown}
 o - a potion of flight {unknown}
 q - a potion of invisibility {unknown}
 r - a potion of beneficial mutation {unknown}
Comestibles
 c - 4 bread rations
 d - 2 meat rations
 f - 3 beef jerkies
 v - 8 chunks of flesh


   Skills:
 - Level 3.2 Fighting
 + Level 8.9 Polearms
 - Level 4.0 Dodging
 - Level 2.1 Stealth


You had 4 spell levels left.
You didn't know any spells.

Dungeon Overview and Level Annotations

Branches:
Dungeon (3/15)

Altars:


Message History

The orc priest is severely wounded.
The orc priest hits you with a trident of pain.
You hit the orc priest.
The orc priest is almost dead.
You closely miss the orc priest.
The orc priest is almost dead.
The orc priest hits you with a trident of pain.
You writhe in agony.
* * * LOW HITPOINT WARNING * * *
You hit the orc priest but do no damage.
The orc priest is almost dead.
You hit the orc priest but do no damage.
The orc priest is almost dead.
The orc priest hits you with a trident of pain.
* * * LOW HITPOINT WARNING * * *
You hit the orc priest.
The orc priest is almost dead.
The orc priest invokes the aid of Beogh against you.
Beogh smites you!
You die... ........). ... ..#####... #.### #. #... ..#.# #.#######. ###.#.# ###......... ..).. ....######. ol.

..# #..... #o### ##.#
#.#### # #@#.# !.#.###.#
#.###.#.#.###.....#
#...$.........########
#.....................
#..###.###.#.#.########
#. #...#.# #.#.# #.....
#..###.#.#.###.###.####
#....................<.
...####..##########.####


You could see an orc priest, an orc and a frilled lizard.

Vanquished Creatures
  An orc wizard (D:3)
  4 gnolls (D:3)
  4 adders
  An ooze (D:3)
  3 dart slugs
  5 leopard geckos
  9 orcs (D:3)
  4 giant cockroaches
  3 goblins
  6 hobgoblins
  6 jackals
  4 kobolds
  A quokka (D:3)
  2 bats
  3 frilled lizards
  6 rats
62 creatures vanquished.

Notes
Turn   | Place    | Note
-------+----------+-------------------------------------------
     0 | D:1      | Gorglomux the Merfolk Monk began the quest for the Orb.
     0 | D:1      | Reached XP level 1. HP: 18/18 MP: 1/1
    47 | D:1      | Reached skill level 5 in Polearms
    48 | D:1      | Reached XP level 2. HP: 23/24 MP: 2/2
   811 | D:2      | Reached skill level 6 in Polearms
   811 | D:2      | Reached XP level 3. HP: 29/29 MP: 3/3
   942 | D:2      | Found a faded altar of an unknown god.
  1756 | D:3      | Reached skill level 7 in Polearms
  1756 | D:3      | Reached XP level 4. HP: 33/35 MP: 4/4
  1990 | D:3      | Reached skill level 8 in Polearms
  1990 | D:3      | Reached XP level 5. HP: 35/41 MP: 5/5
  2408 | D:3      | Killed from afar by an orc priest

Skill      XL: |  1  2  3  4 |
---------------+-------------+-----
Polearms       | 5 6 7 8 |  8.9
Fighting       | |  3.2
Dodging        | |  4.0
Stealth        | |  2.1

Action                   |  1- 3 |  4- 6 || total
-------------------------+-------+-------++-------
Melee: Spear             |   128 |   156 ||   284
Evoke: Wand              |       |     3 ||     3
  Use: Potion            |     1 |       ||     1
 Stab: Sleeping          |     4 |     2 ||     6
       Distracted        |       |     2 ||     2
  Eat: Chunk             |     2 |     3 ||     5
Armor: Robe              |    10 |    10 ||    20
Dodge: Dodged            |    82 |    78 ||   160
